AoeStats
← QUARESMA

Black Forest

507762643Analyzed
2v2 RM · 12d ago on Sep 19, 2026· 51m 23s· 4 players
Game mode
Random Map
Map size
Medium (4 player)
Population
200
Speed
Normal
Resources
Standard
Victory
Conquest
Starting age
Dark Age
Ending age
Imperial Age
RankedLock teamsTeams togetherTeam positionsShared explorationLock speedFull tech treeHidden civsTurbo modeCheats
Victory
Defeat
🇵🇱 Turks · Poland
775
+15
🇵🇱 Khmer · Poland
773
+15
🇹🇷 Bulgarians · Türkiye
755
-16
🇹🇷 Chinese · Türkiye
740
-14
ForLabeL
0:51 Loom
17:42 Feudal Age
35:41 Double-Bit Axe
35:50 Stone Mining
35:51 Gold Mining
39:48 Castle Age
41:39 Wheelbarrow
43:24 Light Cavalry
44:15 Bloodlines
44:25 Hand Cart
46:19 Husbandry
47:14 Bow Saw
QUARESMA
0:31 Loom
12:23 Feudal Age
13:53 Double-Bit Axe
17:13 Horse Collar
20:09 Castle Age
32:05 Bow Saw
31:49 Gold Mining
31:54 Stone Mining
36:52 Pikeman
38:32 Forging
38:13 Fletching
38:32 Scale Barding Armor
38:27 Scale Mail Armor
38:48 Masonry
38:33 Murder Holes
39:25 Wheelbarrow
40:56 Squires
42:17 Caravan
45:00 Imperial Age
46:43 Elite Konnik
46:51 Halberdier
VIT | Hera
1:50 Loom
12:36 Feudal Age
13:21 Horse Collar
13:53 Man-at-Arms
22:42 Castle Age
22:14 Double-Bit Axe
23:02 Forging
24:11 Heavy Plow
26:32 Long Swordsman
28:52 Bow Saw
28:56 Gold Mining
28:59 Stone Mining
32:21 Stone Shaft Mining
35:40 Wheelbarrow
37:33 Hand Cart
38:00 Caravan
40:18 Gold Shaft Mining
42:18 Imperial Age
42:22 Iron Casting
41:52 Scale Barding Armor
41:39 Fletching
43:31 Ballistics
44:34 Conscription
44:17 Double Crossbow
43:50 Elite Ballista Elephant
45:38 Chemistry
44:43 Siege Engineers
44:50 Masonry
45:43 Blast Furnace
45:04 Chain Barding Armor
44:40 Bodkin Arrow
filip
1:13 Loom
11:31 Feudal Age
11:54 Horse Collar
11:59 Double-Bit Axe
13:06 Wheelbarrow
20:16 Castle Age
19:53 Gold Mining
19:55 Stone Mining
22:07 Hand Cart
23:48 Bow Saw
23:42 Heavy Plow
26:05 Gold Shaft Mining
30:17 Husbandry
30:49 Bloodlines
31:43 Caravan
32:13 Coinage
31:37 Crossbowman
40:06 Imperial Age
37:52 Hand Cart
37:51 Thumb Ring
37:38 Fletching
37:54 Scale Barding Armor
37:49 Padded Archer Armor
40:35 Elite Janissary
41:39 Conscription
42:33 Leather Archer Armor
42:34 Masonry
43:37 Two-Man Saw
43:31 Artillery
44:02 Banking
43:43 Guilds
45:44 Hoardings
Connection lost

Rejoining the realm…

Still unreachable

The connection could not be restored.

Session expired

The server has moved on; the page needs a fresh start.